 Dungeon Crawl Stone Soup version 0.27.1-3-gb3d3a73c9e (webtiles) character file.

Game seed: 9025820416702315742

90925 Urokeeper the Blocker (level 15, -4/144 HPs)
             Began as a Deep Dwarf Berserker on Oct 21, 2021.
             Was a Priest of Trog.
             Slain by a wolf spider (12 damage)
             ... on level 4 of the Spider Nest.
             The game lasted 01:43:21 (21270 turns).

Urokeeper the Blocker (Deep Dwarf Berserker)       Turns: 21270, Time: 01:43:21

Health: -4/144     AC: 29    Str: 34    XL:     15   Next: 53%
Magic:  0/3        EV: 14    Int:  8    God:    Trog [***...]
Gold:   1480       SH: 17    Dex: 18    Spells: 14/14 levels left

rFire    + + +     SeeInvis +   c - +9 eveningstar
rCold    + . .     Faith    .   L - +2 kite shield of Pyocwy {rPois rC- rCorr SInv}
rNeg     + . .     Spirit   +   U - +6 chain mail of Yesterday {+Inv Will- SInv}
rPois    +         Reflect  .   D - +0 helmet
rElec    .         Harm     .   x - +2 cloak {rPois}
rCorr    +         Rampage  .   j - +2 pair of gloves {Str+3}
Will     +....     Rnd*Rage +   W - +2 pair of boots
Stlth    ..........             T - amulet "Illotec" {Spirit rPois rF+++ rC+ Stlth-}
HPRegen  0.00/turn              m - ring of protection from cold
MPRegen  0.08/turn              B - ring "Baqirek" {rF+ Str+6 Dex+6}

@: about to teleport, on berserk cooldown, slowed, studying Long Blades, very
slow
A: damage resistance, heal wounds, negative energy resistance 1, sense
surroundings 2, no regeneration, berserk 1, dopey 1, high mp 1, MP-powered wands
a: Heal Wounds, Renounce Religion, Evoke Invisibility, Berserk, Trog's Hand


You were on level 4 of the Spider Nest.
You worshipped Trog.
Trog was most pleased with you.
You visited 4 branches of the dungeon, and saw 23 of its levels.

You collected 2352 gold pieces.
You spent 872 gold pieces at shops.

Inventory:

Hand Weapons
 c - a +9 eveningstar (weapon)
 k - a +7 vorpal great mace
 G - a +0 spectral lajatang
 H - the +8 hand axe of Slime {flame, +Rage}
   (You found it on level 4 of the Lair of Beasts)

   It burns those it strikes, dealing additional fire damage.
   Big, fiery blades are also staple armaments of hydra-hunters.
   +Rage:     It lets you go berserk.
 I - a +0 battleaxe
Missiles
 u - 17 curare-tipped darts (quivered)
 Q - 14 silver javelins
 R - 4 throwing nets
Armour
 j - a +2 pair of gloves of strength (worn)
 x - a +2 cloak of poison resistance (worn)
 D - a +0 helmet (worn)
 L - the +2 kite shield of Pyocwy (worn) {rPois rC- rCorr SInv}
   (You took it off a kobold on level 10 of the Dungeon)

   rC:        It makes you vulnerable to cold.
   rPois:     It protects you from poison.
   SInv:      It lets you see invisible.
   rCorr:     It protects you from acid and corrosion.
 U - the +6 chain mail of Yesterday (worn) {+Inv Will- SInv}
   (You found it on level 2 of the Lair of Beasts)

   SInv:      It lets you see invisible.
   +Inv:      It lets you turn invisible.
   Will:      It decreases your willpower.
 W - a +2 pair of boots (worn)
Jewellery
 g - a ring of positive energy
 m - a ring of protection from cold (left hand)
 B - the ring "Baqirek" (right hand) {rF+ Str+6 Dex+6}
   (You found it on level 2 of the Orcish Mines)

   [ring of strength]

   Str:       It affects your strength (+6).
   Dex:       It affects your dexterity (+6).
   rF:        It protects you from fire.
 C - a ring of protection from fire
 K - an amulet of magic regeneration
 T - the amulet "Illotec" (around neck) {Spirit rPois rF+++ rC+ Stlth-}
   (You found it on level 2 of the Orcish Mines)

   [amulet of guardian spirit]

   It causes incoming damage to be divided between your reserves of health and
   magic.
   rF:        It renders you almost immune to fire.
   rC:        It protects you from cold.
   rPois:     It protects you from poison.
   Stlth:     It makes you less stealthy.
 V - an amulet of faith
Wands
 d - a wand of flame (48)
 i - a wand of mindburst (20)
 l - a wand of iceblast (63)
 s - a wand of acid (32)
 y - a wand of paralysis (32)
 E - a wand of polymorph (53)
 J - a wand of digging (10)
Scrolls
 b - 2 scrolls of magic mapping
 p - 3 scrolls of holy word
 q - a scroll of blinking {unknown}
 r - a scroll of teleportation
 w - 4 scrolls of fear
 A - 2 scrolls of torment
 F - a scroll of fog
 N - a scroll of silence
 O - a scroll of vulnerability
Potions
 e - 9 potions of attraction
 f - 12 potions of curing
 h - a potion of flight
 n - a potion of ambrosia {unknown}
 o - a potion of magic
 t - 5 potions of heal wounds
 v - 3 potions of haste
 z - 4 potions of lignification
 M - 5 potions of brilliance {unknown}
 S - a potion of resistance
 X - a potion of might
Miscellaneous
 a - a box of beasts
 P - a phantom mirror
 Y - a condenser vane
 Z - a tin of tremorstones (2/2)


   Skills:
 + Level 11.9 Fighting
 - Level 13.1(15.5) Axes
 * Level 13.3(15.0) Maces & Flails
 + Level 10.6 Armour
 - Level 9.5 Dodging
 + Level 13.6 Shields


You had 14 spell levels left.
You didn't know any spells.
Your spell library was empty.

Dungeon Overview and Level Annotations

Branches:
Dungeon (11/15)            Temple (0/1) D:5            Lair (6/6) D:11
 Shoals (0/4) Lair:4       Spider (4/4) Lair:4        Slime (0/5) Lair:6
    Orc (2/2) D:11            Elf (0/3) Orc:2

Altars:
Ashenzari
Dithmenos
Gozag
Hepliaklqana
Kikubaaqudgha
Ru
Sif Muna
Vehumet
Wu Jian
Xom
Yredelemnul
Zin
The Shining One
Beogh

Shops:
D:10 =   Orc:1 :!(!   Orc:2 ([***


Innate Abilities, Weirdness & Mutations

You are resistant to damage.
You can heal yourself by infusing magical energy.
You resist negative energy. (rN+)
You passively map the area around you.
You do not regenerate.
You tend to lose your temper in combat.
You are dopey. (Int -2)
You have an increased reservoir of magic. (+10% MP)
You expend magic power (3 MP) to strengthen your wands.


Message History

The redback is almost dead.
You block the wolf spider's attack.
The wolf spider bites you but does no damage.
The redback closely misses you.
The jumping spider leaps!
You block the spark wasp's attack.
The wolf spider hits you but does no damage.
The wolf spider bites you but does no damage.
You block the spectral tarantella's attack.
The redback bites you!
You stick the redback like a pincushion!!!
You kill the redback!
Trog accepts your kill. The wolf spider hits you!!
* * * LOW HITPOINT WARNING * * *
The wolf spider misses you.
An emperor scorpion comes into view.
You block the spark wasp's attack.
A hornet comes into view.
You puncture the redback!
The redback is moderately wounded.
The spectral tarantella bites you but does no damage.
You block the wolf spider's attack.
The wolf spider bites you but does no damage.
The moth of wrath goads the redback on!
The redback goes berserk!
The jumping spider leaps!
You block the spark wasp's attack.
Unknown command.
You are too berserk!
You stick the redback like a pincushion!!!
You kill the redback!
Trog accepts your kill.
You are no longer berserk.
You are exhausted.
You feel yourself slow down. You block the wolf spider's attack. x2
You block the spectral tarantella's attack.
The jumping spider leaps!
As you read the scroll of teleportation, it crumbles to dust.
You feel strangely unstable. The wolf spider hits you!!
* * * LOW HITPOINT WARNING * * *
The wolf spider bites you!
You die...

############## *
* ≈
....yZyy@s^..#^
≈≈≈.Zs†syZ..°..s
≈≈≈≈≈#Zyy..s....^
, ≈
≈#≈≈≈≈Z≈.#......
≈≈≈≈≈≈≈≈○......≈
*
#≈y≈≈#≈######s≈#
≈ * ≈ ≈#≈≈≈#≈
.≈≈≈, ≈ #≈≈≈≈≈ ,
, ≈≈≈ * ,,, ≈#≈.
#≈ , , ≈


You could see an emperor scorpion, 3 spark wasps, a demonic crawler, a wolf
spider (berserk), a moth of wrath, a spectral jumping spider, 3 spectral
tarantellas, an orb spider, 3 hornets, a jumping spider, a redback and a redback
zombie.

Vanquished Creatures
  Agnes (Spider:1)
  A ghost moth (Spider:2)
  The ghost of OhItsWolfy the Severer, a journeyman HOFi of Okawaru (Orc:2)
  3 entropy weavers
  Snorg (D:11)
  Harold (Lair:2)
  A boulder beetle (D:11)
  Erolcha (D:9)
  An ogre mage (D:11)
  5 hydras
  4 catoblepae (Lair:6)
  Erica (D:11)
  A tengu warrior (D:11)
  15 death yaks
  Urug (D:11)
  An orc knight (Orc:1)
  9 wolf spiders
  2 oklob plants (Lair:2)
  Pikel (D:5)
  A deep elf pyromancer (D:11)
  3 orb spiders
  An ugly thing (D:11)
  2 manticores (Lair:6)
  2 orc sorcerers
  5 black mambas
  2 moths of wrath
  5 elephants (Lair:5)
  A gargoyle (D:10)
  A torpor snail (Lair:6)
  10 komodo dragons
  5 rime drakes
  9 cane toads
  A kobold demonologist (D:11)
  6 demonic crawlers
  A tengu conjurer (D:11)
  3 trolls
  18 jumping spiders
  A polar bear (Lair:6)
  8 blink frogs
  3 slime creatures
  6 dream sheep (Lair:5)
  4 hornets
  Sigmund (D:5)
  A wraith (D:11)
  45 redbacks
  22 tarantellas
  Eustachio (D:4)
  3 basilisks
  38 yaks
  5 wyverns
  7 vampire mosquitoes (D:11)
  Duvessa (D:4)
  10 wargs (Orc:2)
  18 water moccasins
  A hornet zombie (D:6)
  23 orc warriors
  An ice beast (D:7)
  2 black bears
  10 wolves
  5 centaurs
  5 ogres
  A lemure (D:5)
  2 kobold brigands
  A phantom (D:6)
  7 bullfrogs
  5 scorpions
  A gnoll sergeant (D:9)
  A wyvern zombie (D:9)
  Dowan (D:4)
  12 wights
  An electric eel (Lair:6)
  5 centaur zombies
  2 jellies (Lair:6)
  30 orc priests
  3 hounds
  A centaur skeleton (D:4)
  An iguana (D:6)
  22 orc wizards
  A hound skeleton (D:4)
  A howler monkey zombie (D:8)
  9 gnolls
  5 adders
  2 shadow imps
  2 ufetubi
  5 worms
  7 dart slugs
  80 orcs
  6 bats
  7 endoplasms
  9 giant cockroaches
  6 goblins
  4 hobgoblins
  4 jackals
  17 kobolds
  8 quokkas
  8 ball pythons
  2 frilled lizards
  5 rats
632 creatures vanquished.

Vanquished Creatures (collateral kills)
  A hydra (D:11)
  A boulder beetle (D:11)
  A two-headed ogre (D:11)
  A tengu warrior (D:11)
  5 orc high priests (Orc:2)
  3 orc knights (Orc:2)
  A vampire (D:11)
  A wyvern (D:11)
  7 orc warriors (Orc:2)
  An electric eel (Lair:6)
  6 orc priests (Orc:2)
  An orc (Orc:2)
29 creatures vanquished.

Vanquished Creatures (others)
  An orc (Orc:1)
  A bush (Lair:3)
  18 fungi
  71 plants
91 creatures vanquished.

Grand Total: 752 creatures vanquished

Notes
Turn   | Place    | Note
-------+----------+-------------------------------------------
     0 | D:1      | Urokeeper the Deep Dwarf Berserker began the quest for the
                  | Orb.
     0 | D:1      | Reached XP level 1. HP: 20/20 MP: 1/1
   141 | D:1      | Reached XP level 2. HP: 25/27 MP: 2/2
   303 | D:1      | Found a faded altar of an unknown god.
   380 | D:1      | Reached XP level 3. HP: 22/33 MP: 3/3
   423 | D:1      | Reached ** piety under Trog
  1707 | D:3      | Reached XP level 4. HP: 37/42 MP: 3/3
  2214 | D:3      | Found a broken altar of Ashenzari.
  2273 | D:3      | Found an ornate altar of the Wu Jian Council.
  2346 | D:3      | Found a shimmering altar of Xom.
  2561 | D:4      | Noticed Eustachio
  2570 | D:4      | Killed Eustachio
  2570 | D:4      | Reached *** piety under Trog
  2571 | D:4      | Reached skill level 5 in Axes
  2571 | D:4      | Reached XP level 5. HP: 49/49 MP: 3/3
  2591 | D:4      | Noticed a black bear
  2602 | D:4      | Killed a black bear
  2603 | D:4      | Reached XP level 6. HP: 43/57 MP: 4/4
  2952 | D:4      | Found a shadowy altar of Dithmenos.
  2985 | D:4      | Reached XP level 7. HP: 49/64 MP: 5/5
  3164 | D:4      | Noticed Dowan
  3165 | D:4      | Noticed Duvessa
  3174 | D:4      | Killed Duvessa
  3182 | D:4      | Killed Dowan
  3479 | D:5      | Entered Level 5 of the Dungeon
  3479 | D:5      | Noticed Sigmund
  3489 | D:5      | Killed Sigmund
  3528 | D:5      | Found a shimmering blue altar of Sif Muna.
  3668 | D:5      | Found an opulent altar of Gozag.
  3784 | D:5      | Reached skill level 5 in Armour
  3784 | D:5      | Reached skill level 5 in Dodging
  3784 | D:5      | Reached XP level 8. HP: 67/73 MP: 6/6
  3913 | D:5      | Found a staircase to the Ecumenical Temple.
  4146 | D:5      | Noticed Pikel
  4161 | D:5      | Killed Pikel
  4162 | D:5      | Reached skill level 5 in Fighting
  4330 | D:5      | Found a glowing silver altar of Zin.
  4710 | D:6      | Gained mutation: You passively map the area around you.
                  | [Deep Dwarf growth]
  4710 | D:6      | Reached XP level 9. HP: 30/74 MP: 7/7
  4833 | D:6      | Reached **** piety under Trog
  6116 | D:7      | Found a radiant altar of Vehumet.
  6587 | D:8      | Found a sacrificial altar of Ru.
  6696 | D:8      | Reached skill level 10 in Axes
  7193 | D:9      | Found a hazy altar of Hepliaklqana.
  7194 | D:9      | Found a basalt altar of Yredelemnul.
  7195 | D:9      | Found an ancient bone altar of Kikubaaqudgha.
  7345 | D:9      | Reached XP level 10. HP: 84/92 MP: 8/8
  7492 | D:9      | Reached ***** piety under Trog
  7746 | D:9      | Noticed Erolcha
  7763 | D:9      | Killed Erolcha
  8066 | D:10     | Entered Level 10 of the Dungeon
  8091 | D:10     | Noticed a gargoyle
  8097 | D:10     | Killed a gargoyle
  8313 | D:10     | Identified the +2 kite shield of Pyocwy {rPois rC- rCorr
                  | SInv}
  8382 | D:10     | Found Curook's Jewellery Boutique.
  8502 | D:10     | Found a glowing golden altar of the Shining One.
  8514 | D:10     | Identified the +10 long sword of Fimbulwinter {antimagic,
                  | Fragile rElec rPois rC+}
  8947 | D:11     | Noticed a two-headed ogre
  8947 | D:11     | Noticed an eight-headed hydra
  8959 | D:11     | Killed an eight-headed hydra
  8960 | D:11     | Reached XP level 11. HP: 61/100 MP: 9/9
  8962 | D:11     | Killed a two-headed ogre
  9064 | D:11     | Noticed a seven-headed hydra
  9078 | D:11     | Killed an eight-headed hydra
  9309 | D:11     | Noticed a boulder beetle
  9311 | D:11     | Noticed a brown ugly thing
  9315 | D:11     | Noticed an ogre mage
  9324 | D:11     | Noticed a tengu warrior
  9325 | D:11     | Killed a brown ugly thing
  9329 | D:11     | Killed an ogre mage
  9467 | D:11     | Found a staircase to the Orcish Mines.
  9491 | D:11     | Noticed a boulder beetle
  9729 | D:11     | Noticed Urug
  9738 | D:11     | Noticed Erica
  9749 | D:11     | Killed Erica
  9756 | D:11     | Killed Urug
  9779 | D:11     | Found a staircase to the Lair.
  9793 | D:11     | Reached skill level 1 in Shields
  9797 | D:11     | Reached skill level 1 in Maces & Flails
  9825 | Lair:1   | Entered Level 1 of the Lair of Beasts
 10239 | Lair:2   | Noticed a six-headed hydra
 10246 | Lair:2   | Killed a six-headed hydra
 10249 | Lair:2   | Reached XP level 12. HP: 105/112 MP: 9/9
 10696 | Lair:2   | Identified the +6 chain mail of Yesterday {+Inv Will- SInv}
 10817 | D:11     | Noticed a tengu warrior
 10827 | D:11     | Killed a tengu warrior
 10829 | D:11     | Killed a boulder beetle
 10830 | D:11     | Reached skill level 5 in Shields
 10912 | D:10     | Bought an amulet of faith for 640 gold pieces
 11148 | D:11     | Reached skill level 5 in Maces & Flails
 11154 | D:11     | Killed a tengu warrior
 11260 | D:11     | Killed a boulder beetle
 11572 | D:11     | Noticed Snorg
 11583 | D:11     | Killed Snorg
 12084 | Lair:2   | Noticed Harold
 12089 | Lair:2   | Killed Harold
 13081 | Lair:4   | Reached XP level 13. HP: 87/122 MP: 9/9
 13423 | Lair:4   | Identified the +8 hand axe of Slime {flame, +Rage}
 13441 | Lair:4   | Found a staircase to the Shoals.
 13724 | Lair:4   | Found a hole to the Spider Nest.
 14174 | Lair:5   | Reached skill level 10 in Fighting
 14744 | Lair:6   | Entered Level 6 of the Lair of Beasts
 14891 | Lair:6   | Reached skill level 10 in Shields
 14969 | Lair:6   | Received a gift from Trog
 15326 | Lair:5   | Reached skill level 10 in Maces & Flails
 15592 | Lair:6   | Gained mutation: You resist negative energy. (rN+) [Deep
                  | Dwarf growth]
 15592 | Lair:6   | Reached XP level 14. HP: 74/133 MP: 6/6
 16000 | Lair:6   | Gained mutation: You are clumsy. (Dex -2) [potion of
                  | mutation]
 16000 | Lair:6   | Gained mutation: You evolve. [potion of mutation]
 16001 | Lair:6   | Lost mutation: You are clumsy. (Dex -2) [potion of
                  | mutation]
 16001 | Lair:6   | Lost mutation: You evolve. [potion of mutation]
 16001 | Lair:6   | Gained mutation: You are partially covered in iridescent
                  | scales. (AC +2) [potion of mutation]
 16002 | Lair:6   | Lost mutation: You are partially covered in iridescent
                  | scales. (AC +2) [potion of mutation]
 16002 | Lair:6   | Gained mutation: You are frail. (-10% HP) [potion of
                  | mutation]
 16002 | Lair:6   | Gained mutation: You are partially covered in iridescent
                  | scales. (AC +2) [potion of mutation]
 16003 | Lair:6   | Lost mutation: You are frail. (-10% HP) [potion of
                  | mutation]
 16003 | Lair:6   | Lost mutation: You are partially covered in iridescent
                  | scales. (AC +2) [potion of mutation]
 16003 | Lair:6   | Gained mutation: You are dopey. (Int -2) [potion of
                  | mutation]
 16003 | Lair:6   | Gained mutation: You expend magic power (3 MP) to
                  | strengthen your wands. [potion of mutation]
 16003 | Lair:6   | Gained mutation: You tend to lose your temper in combat.
                  | [potion of mutation]
 16003 | Lair:6   | Gained mutation: You have an increased reservoir of magic.
                  | (+10% MP) [potion of mutation]
 16039 | Lair:6   | Found a staircase to the Slime Pits.
 16903 | Spider:1 | Entered Level 1 of the Spider Nest
 16934 | Spider:1 | Identified the +4 ring mail of Midsummer {rCorr}
 17011 | Spider:1 | Received a gift from Trog
 17142 | Spider:1 | Noticed Agnes
 17156 | Spider:1 | HP: 10/202 [tarantella (5)]
 17180 | Spider:1 | Killed Agnes
 17677 | Spider:2 | Noticed a ghost moth
 17828 | Orc:1    | Entered Level 1 of the Orcish Mines
 17828 | Orc:1    | Found Mimpoodu's Weapon Boutique.
 17840 | Orc:1    | Found Saocu's Distillery.
 17993 | Orc:1    | You fall into a shaft and drop 1 floor!
 17993 | Orc:2    | Entered Level 2 of the Orcish Mines
 17996 | Orc:2    | Found a transporter.
 18005 | Orc:1    | Found Dyabumic's Book Emporium.
 18083 | Orc:1    | Found Cydioshu's Distillery.
 18419 | Orc:2    | Found a transporter.
 18423 | Orc:2    | Noticed OhItsWolfy's ghost (journeyman HOFi)
 18589 | Orc:2    | Found a staircase to the Elven Halls.
 18595 | Orc:2    | Found Ymaipiedd's Weapon Shop.
 18797 | Orc:2    | Reached ****** piety under Trog
 19103 | Orc:2    | Found Okipryiq's General Store.
 19106 | Orc:2    | Found Aganerph's Assorted Antiques.
 19107 | Orc:2    | Found Zorphet's Antique Armour Emporium.
 19108 | Orc:2    | Found Tiarruki's Assorted Antiques.
 19314 | Orc:2    | Killed OhItsWolfy's ghost
 19401 | Orc:2    | Reached XP level 15. HP: 70/142 MP: 4/4
 19404 | Orc:2    | Identified the ring "Baqirek" {rF+ Str+6 Dex+6}
 19411 | Orc:2    | Identified the amulet "Illotec" {Spirit rPois rF+++ rC+
                  | Stlth-}
 19534 | Orc:2    | Bought a pair of runed boots for 232 gold pieces
 19816 | Spider:2 | Reached skill level 10 in Armour
 19825 | Spider:2 | Killed a ghost moth
 20903 | Spider:4 | Entered Level 4 of the Spider Nest
 21270 | Spider:4 | Slain by a wolf spider

Illustrated notes

Levels and vault maps discovered:
D:1:      mrwooster_arrival_statue_3, layout_basic, basic_ecumenical_altar
D:2:      layout_basic
D:3:      layout_loops_corners, xom_teletrap_fun,
          mainiacjoe_overflow_small_starburst, ashenzari_altar_1
D:4:      layout_loops_ring, grunt_dithmenos_smoke_and_mirrors, moated_statue,
          minmay_misc_feat_rugged, minivault_4, grunt_ministairs_13,
          kennysheep_generic_room_9, uniq_eustachio, uniq_duvessa
D:5:      layout_loops_ring, kennysheep_orc_sif_temple, zin_treasury,
          mainiacjoe_overflow_cross_hatched, minmay_temple_entry_large_hall,
          minmay_stone_trees_small, serial_bayou_pond_d, serial_park_tiny_1,
          uniq_sigmund, uniq_pikel
D:6:      layout_basic, roderic_serpentine_path, st_stairs_8,
          minmay_manual_monstrance
D:7:      layout_rooms, nicolae_vehumet_altar_sigil, minmay_misc_feat_iff
D:8:      layout_loops_ring, mainiacjoe_overflow_brackets
D:9:      layout_irregular_city, minitemple, kennysheep_generic_room_13,
          uniq_erolcha
D:10:     layout_loops_ring, lemuel_doored_altar, serial_shops, shop
D:11:     minmay_the_grid_triangle_9x9_recursive_2
          [minmay_the_grid_triangle_9x9_prize_center,
          minmay_the_grid_triangle_9x9_thin_v,
          minmay_the_grid_triangle_9x9_steps,
          minmay_the_grid_triangle_9x9_longest], layout_grid_maze, david_orc_2,
          uniq_snorg, uniq_erica, uniq_urug
Lair:1:   layout_big_grid
Lair:2:   layout_regular_city, minmay_lair_oklob_chamber, grunt_megastairs_5,
          serial_bayou_shore_a, uniq_harold
Lair:3:   layout_loops_ring, lemuel_fruit_tree, serial_bayou_shore_b
Lair:4:   layout_regular_city, elwin_shoals_entry_rocks,
          nicolae_spider_entry_non_spiders
Lair:5:   layout_cellular_growth
Lair:6:   evilmike_catoblepas_cave, layout_gridlike, minmay_slime_entry_pillars,
          serial_bayou, serial_bayou_crossing, serial_bayou_pond_c,
          serial_bayou_pond_d, serial_bayou_shore_b
Spider:1: layout_spider_delve, nicolae_spider_checkerboard, uniq_agnes
Spider:2: layout_spider_delve, drop_trap
Spider:3: layout_spider_delve
Spider:4: floodkiller_spider_rune_tomb
Orc:1:    layout_caves, serial_shops, shop_statue, nicolae_square_shop, shop,
          nicolae_shop_crystal, nicolae_square_shop, mines2_david,
          uniq_gastronok
Orc:2:    st_orc_pillars, layout_diamond_mine, basic_altar,
          gammafunk_ghost_berserking_beasts, serial_shops,
          nicolae_shop_waterfront

Skill      XL: |  1  2  3  4  5  6  7  8  9 10 11 12 13 14 15 |
---------------+----------------------------------------------+-----
Fighting       | 3 4 5 6 7 8 9 10 11 | 11.9
Axes           | 4 5 6 7 8 10 12 13 | 13.1
Armour         | 3 4 5 6 7 8 9 10 | 10.6
Dodging        | 3 4 5 6 7 8 9 |  9.5
Shields        | 3 8 11 13 | 13.6
Maces & Flails | 3 7 10 12 13 | 13.3

Action                   |  1- 3 |  4- 6 |  7- 9 | 10-12 | 13-15 || total
-------------------------+-------+-------+-------+-------+-------++-------
Melee: Hand axe          |   181 |    53 |       |       |       ||   234
       Flail             |       |    88 |   115 |       |       ||   203
       Halberd           |       |       |   219 |       |       ||   219
       Battleaxe         |       |       |    29 |   241 |       ||   270
       Eveningstar       |       |       |       |   238 |  1143 ||  1381
Throw: Dart              |       |     2 |       |       |     1 ||     3
Invok: Berserk           |       |     1 |     6 |    14 |    32 ||    53
       Trog's Hand       |       |       |     2 |     8 |    36 ||    46
       Brothers in Arms  |       |       |       |     6 |     8 ||    14
 Abil: Heal Wounds       |     2 |     2 |    10 |    29 |    33 ||    76
Evoke: Box of beasts     |       |       |       |       |     1 ||     1
  Use: Scroll            |       |     5 |     9 |     9 |     8 ||    31
       Potion            |       |       |     4 |       |     8 ||    12
 Stab: Distracted        |       |       |       |       |     1 ||     1
Armor: Ring mail         |    69 |       |       |       |       ||    69
       Plate armour      |       |    98 |   263 |   264 |       ||   625
       Chain mail        |       |       |       |    80 |   730 ||   810
Dodge: Dodged            |   115 |    50 |   177 |   218 |   614 ||  1174
Block: Kite shield       |       |       |       |   156 |  1172 ||  1328
